 Dungeon Crawl Stone Soup version 0.21-a0-442-g848f44b (webtiles) character file.

162643 toffzen the Severer (level 17, -1/237 HPs)
             Began as a Minotaur Fighter on Nov 9, 2017.
             Was the Champion of Makhleb.
             Slain by a salamander
             ... wielding a +0 halberd
              (9 damage)
             ... on level 4 of the Snake Pit on Nov 15, 2017.
             The game lasted 02:43:26 (31251 turns).

toffzen the Severer (Minotaur Fighter)             Turns: 31251, Time: 02:43:26

Health: -1/237     AC: 28    Str: 21    XL:     17   Next: 22%
Magic:  25/25      EV:  2    Int:  5    God:    Makhleb [******]
Gold:   2105       SH:  0    Dex: 22    Spells: 16/16 levels left

rFire    . . .     SeeInvis .   a - +3 executioner's axe (flame)
rCold    . . .     Gourm    .   (shield currently unavailable)
rNeg     + + +     Faith    .   (armour currently unavailable)
rPois    +         Spirit   .   (helmet currently unavailable)
rElec    .         Reflect  .   (cloak currently unavailable)
rCorr    .         Harm     .   (gloves currently unavailable)
MR       +....     NoTele   +   (boots currently unavailable)
Stlth    ++........             L - amulet of regeneration
HPRegen  0.89/turn              K - +5 ring of dexterity
MPRegen  0.19/turn              m - +1 ring of slaying

@: lethally poisoned (-1 -> -2), tree-form, very slightly contaminated,
invisible
A: (retaliatory headbutt)
a: Minor Destruction, Lesser Servant of Makhleb, Major Destruction, Greater
Servant of Makhleb, Renounce Religion


You were on level 4 of the Snake Pit.
You worshipped Makhleb.
Makhleb was exalted by your worship.
You were not hungry.
You were a tree.
You visited 4 branches of the dungeon, and saw 27 of its levels.
You visited the Abyss 1 time.
You also visited: Ice Cave.

You collected 2539 gold pieces.
You spent 434 gold pieces at shops.

Inventory:

Hand Weapons
 a - a +3 executioner's axe of flaming (weapon)
 T - a +0 blowgun
Missiles
 b - 548 stones (quivered)
 R - a throwing net
Armour
 e - a +0 plate armour (melded)
 h - a +2 cloak (melded)
 u - the -2 hat of the Alchemist (melded) {rElec rPois rF+ rC+ rN+ MR+ rMut rCorr}
   (You found it on level 9 of the Dungeon)

   It protects you from fire.
   It protects you from cold.
   It insulates you from electricity.
   It protects you from poison.
   It protects you from negative energy.
   It affects your resistance to hostile enchantments.
   It protects you from acid and corrosion.
   It protects you from mutation.
 S - a +2 pair of gloves (melded)
Jewellery
 j - an uncursed ring of ice {unknown}
 m - a +1 ring of slaying (right branch)
 n - an uncursed ring of protection from fire {unknown}
 s - a +4 ring of strength {unknown}
 K - a +5 ring of dexterity (left branch)
 L - an amulet of regeneration (around neck)
Wands
 c - a wand of acid (5/15)
 g - a wand of digging (10/24)
 z - a wand of flame (18/48)
 E - a wand of lightning (5/15)
 P - a wand of flame (26/48)
 U - a wand of disintegration (10/24)
Scrolls
 i - a scroll of brand weapon
 k - 5 scrolls of enchant armour
 l - 10 scrolls of magic mapping
 r - a scroll of torment
 t - 2 scrolls of fear
 w - 7 scrolls of blinking
 x - 12 scrolls of teleportation
 y - 6 scrolls of recharging
 D - 2 scrolls of holy word {unknown}
 J - 4 scrolls of fog
 M - 3 scrolls of remove curse
 N - a scroll of vulnerability {unknown}
 Q - 4 scrolls of silence
 Z - a scroll of summoning
Potions
 d - 3 potions of invisibility
 o - 7 potions of flight
 v - 3 potions of degeneration
 A - 4 potions of brilliance
 B - 4 potions of curing
 C - a potion of might
 F - a potion of ambrosia
 G - 3 potions of agility
 H - 3 potions of magic
 O - 4 potions of lignification
 V - 2 potions of cancellation
 W - 4 potions of mutation
Comestibles
 f - 8 bread rations
 p - 12 royal jellies
 q - 27 fruits


   Skills:
 + Level 16.0 Fighting
 * Level 20.7 Axes
 + Level 14.5 Armour
 + Level 12.1 Dodging
   Level 7.0 Shields
 + Level 13.3 Invocations


You had 16 spell levels left.
You didn't know any spells.

Dungeon Overview and Level Annotations

Branches:
Dungeon (15/15)            Temple (0/1) D:5            Lair (6/6) D:11
 Shoals (0/4) Lair:3        Snake (4/4) Lair:2        Slime (0/5) Lair:5
    Orc (2/2) D:10            Elf (0/3) Orc:2        Vaults (0/5) D:13
 Depths (0/5) D:15

Altars:
Cheibriados
Hepliaklqana
Makhleb
Okawaru
Qazlal
Trog
Vehumet
Yredelemnul
The Shining One
Beogh

Shops:
D:7 =   D:10 [   Orc:2 [*(}

Portals:
Ossuary: D:6

Annotations:
D:3 Caerun's ghost, amateur MiFi
D:7 exclusion: 2 doors
Lair:5 exclusion: 3 oklob plants
Snake:1 exclusion: downstairs


Innate Abilities, Weirdness & Mutations

((You reflexively headbutt those who attack you in melee.))
((You have a pair of horns on your head.))


Message History

* * * LOW HITPOINT WARNING * * *
The naga mage constricts you.
The salamander hits you but does no damage.
The naga mage hits you but does no damage.
The naga mage constricts you.
You slash the naga mage! You burn the naga mage.
The naga mage is heavily wounded.
You feel sick. The naga mage loses its grip on you.
Unknown command.
You slice the salamander!!
The salamander is heavily wounded.
You strike the helpless salamander from behind!
You slice the salamander!!
You feel sick.
The naga mage mumbles some strange words.
The naga mage seems to speed up.
The naga mage hits you but does no damage.
The salamander hits you from afar with a halberd!
* * * LOW HITPOINT WARNING * * *
You are engulfed in flames!
You die...

.#..... ....... .......
# ## ###+### .(.....##.
.###.....#
.......#.#####.#.#...#
...............#.#...#
.....NN#...⌠...'.#)⌠.#
......NNN......#.#...# #
.#.....#♣#####.#.#...#.#
##....##.)...###.)(..#
###.. ####### ###(###
##. ##.(.## ## #....(#
#⌠.<.⌠# #.....# ##.⌠.##
#####


You could see 3 salamanders and 2 naga magi.

Vanquished Creatures
  Vashnia (Snake:2)
  Gastronok (D:10)
  A nagaraja (Snake:3)
  Louise (Snake:2)
  2 orc warlords (Orc:2)
  Snorg (D:11)
  Josephine (Orc:2)
  8 hydras
  4 anacondas
  Harold (Orc:1)
  9 naga warriors
  7 two-headed ogres
  2 dancing weapons (D:13)
  2 centaur warriors (D:13)
  Erica (Lair:2)
  4 death yaks
  5 shock serpents
  4 orc high priests (Orc:2)
  12 naga sharpshooters
  4 salamander mystics
  4 unseen horrors
  A tengu zombie (D:15)
  13 mana vipers
  6 naga ritualists
  A wolf spider zombie (D:15)
  A sphinx zombie (D:15)
  3 orc knights (Orc:2)
  A necromancer (D:15)
  A phantasmal warrior (D:15)
  5 orc sorcerers (Orc:2)
  5 ugly things
  12 salamanders
  5 cyclopes
  Maurice (Orc:1)
  A frost giant zombie (D:15)
  3 elephants (Lair:4)
  A manticore (D:13)
  2 guardian serpents
  16 naga magi
  31 black mambas
  A centaur zombie (D:12)
  A gargoyle (D:11)
  2 molten gargoyles (D:14)
  25 spiny frogs
  2 torpor snails
  A yaktaur zombie (D:15)
  3 yaktaurs (D:15)
  4 komodo dragons
  10 freezing wraiths (IceCv)
  An efreet (D:14)
  8 rime drakes (Lair:4)
  A guardian mummy (D:15)
  3 kobold demonologists
  4 tyrant leeches (Lair:6)
  A polar bear (Lair:5)
  7 trolls
  26 blink frogs
  9 dream sheep (Lair:6)
  18 hippogriffs
  8 slime creatures
  59 yaks
  5 wyverns
  7 wraiths
  2 vampires
  4 hogs (D:7)
  7 basilisks
  A human (D:7)
  A death yak simulacrum (IceCv)
  3 hungry ghosts
  A fire elemental (Lair:1)
  6 vampire mosquitoes (Lair:6)
  3 two-headed ogre zombies (D:10)
  28 nagas
  2 wargs (Orc:2)
  3 acid dragons
  11 water moccasins
  5 porcupines
  A hornet zombie (D:14)
  38 orc warriors
  5 phantoms
  9 ice beasts
  An alligator simulacrum (IceCv)
  3 sky beasts
  An eye of draining (D:13)
  A necrophage (D:13)
  18 ogres
  19 wolves
  11 centaurs
  6 crocodiles
  4 big kobolds
  20 bullfrogs
  A gnoll sergeant (D:4)
  7 scorpions
  A troll zombie (D:10)
  6 killer bees
  2 electric eels
  7 wights
  9 crimson imps
  2 draconian simulacra (IceCv)
  4 lava snakes (D:14)
  3 bullfrog zombies
  A quasit (D:12)
  2 jellies
  7 hounds
  18 orc wizards
  4 bullfrog skeletons
  28 orc priests
  Crazy Yiuf (D:4)
  7 centaur skeletons
  Natasha (thrice) (D:2)
  2 iguanas
  A worker ant (shapeshifter) (D:15)
  2 troll simulacra (IceCv)
  9 worker ants
  2 wolf simulacra (IceCv)
  4 ogre zombies (D:10)
  2 centaur simulacra
  A hound zombie (D:4)
  A hound skeleton (D:4)
  14 gnolls
  21 adders
  3 naga simulacra (IceCv)
  An ogre simulacrum (IceCv)
  2 shadow imps
  25 white imps
  An ooze (D:4)
  An adder skeleton (D:4)
  2 worms
  2 dart slugs
  8 leopard geckos
  90 orcs
  A ball python (D:1)
  9 bats
  2 giant cockroaches
  5 goblins
  8 hobgoblins
  11 jackals
  18 kobolds
  5 quokkas
  6 frilled lizards
  3 goblin skeletons
  6 goblin zombies
  4 hobgoblin skeletons (D:10)
  5 hobgoblin zombies
  A jackal skeleton (D:5)
  A leopard gecko skeleton (D:4)
  5 orc skeletons
  9 orc zombies (D:10)
  4 rats
  5 bushes (Lair:5)
  2 fungi
  5 plants
1026 creatures vanquished.

Vanquished Creatures (collateral kills)
  A fire dragon (D:15)
  2 hydras (Lair:4)
  Sonja (D:11)
  2 elephants (Lair:4)
  A guardian mummy (D:15)
  A wraith (Orc:2)
  A yak (Lair:4)
  A naga (Snake:3)
  A porcupine (Lair:4)
  3 orc warriors (Orc:2)
  2 wolves (Lair:4)
  A lava snake (D:14)
  An orc priest (Orc:2)
  An orc (Orc:2)
19 creatures vanquished.

Vanquished Creatures (others)
  2 nagas
  2 orc wizards (Orc:2)
  An orc (Orc:2)
  12 fungi
  32 plants
  4 starspawn tentacles (Abyss:3)
  A withered plant (D:15)
54 creatures vanquished.

Grand Total: 1099 creatures vanquished

Notes
Turn   | Place    | Note
-------+----------+-------------------------------------------
     0 | D:1      | toffzen the Minotaur Fighter began the quest for the Orb.
     0 | D:1      | Reached XP level 1. HP: 19/19 MP: 0/0
   166 | D:1      | Reached XP level 2. HP: 27/27 MP: 1/1
   579 | D:1      | Reached skill level 3 in Axes
   579 | D:1      | Reached XP level 3. HP: 25/33 MP: 2/2
  1269 | D:2      | Found a burning altar of Makhleb.
  1280 | D:2      | Reached XP level 4. HP: 37/41 MP: 3/3
  1318 | D:2      | Became a worshipper of Makhleb the Destroyer
  1358 | D:2      | Found a basalt altar of Yredelemnul.
  1561 | D:2      | Noticed Natasha
  1567 | D:2      | Killed Natasha
  1567 | D:2      | Reached XP level 5. HP: 33/47 MP: 4/4
  1747 | D:2      | Noticed Natasha
  1758 | D:2      | Killed Natasha
  1758 | D:2      | Reached skill level 1 in Invocations
  1769 | D:2      | Noticed Natasha
  1784 | D:2      | Killed Natasha
  2056 | D:3      | Noticed Caerun's ghost (amateur MiFi)
  2463 | D:3      | Found a snail-covered altar of Cheibriados.
  2463 | D:3      | Reached skill level 4 in Axes
  2648 | D:3      | Reached * piety under Makhleb
  2728 | D:3      | Found an iron altar of Okawaru.
  2728 | D:3      | Found a bloodstained altar of Trog.
  3015 | D:4      | Reached skill level 5 in Fighting
  3028 | D:4      | Reached skill level 5 in Armour
  3028 | D:4      | Reached skill level 5 in Shields
  3028 | D:4      | Reached XP level 6. HP: 29/56 MP: 6/6
  3472 | D:4      | Found a hazy altar of Hepliaklqana.
  3637 | D:4      | Found a radiant altar of Vehumet.
  3639 | D:4      | Found a stormy altar of Qazlal.
  3920 | D:4      | Reached ** piety under Makhleb
  4028 | D:4      | Found a runed door.
  4032 | D:4      | Noticed Crazy Yiuf
  4041 | D:4      | Killed Crazy Yiuf
  4041 | D:4      | Reached XP level 7. HP: 39/61 MP: 7/7
  4251 | D:5      | Entered Level 5 of the Dungeon
  4465 | D:5      | Reached skill level 5 in Axes
  4596 | D:5      | Found a glowing golden altar of the Shining One.
  4879 | D:5      | Found a staircase to the Ecumenical Temple.
  5380 | D:5      | Identified a scroll of acquirement
  5424 | D:6      | Found a hazy altar of Hepliaklqana.
  5471 | D:6      | Found a sand-covered staircase.
  5500 | D:6      | Reached XP level 8. HP: 62/70 MP: 9/9
  5717 | D:6      | Reached *** piety under Makhleb
  6041 | D:7      | Reached skill level 6 in Axes
  6356 | D:7      | Upgraded the game from 0.21-a0-437-ge5bf024 to 0.21-a0-440-g28109cb
  6506 | D:7      | Reached skill level 7 in Axes
  6565 | D:7      | Found Korot's Jewellery Shoppe.
  6887 | D:7      | Reached XP level 9. HP: 77/79 MP: 11/11
  6889 | D:7      | Reached skill level 8 in Axes
  6908 | D:7      | Reached skill level 5 in Invocations
  7319 | D:8      | Reached skill level 9 in Axes
  7669 | D:8      | Reached **** piety under Makhleb
  7879 | D:8      | Identified Gawniblu's Almanac of Arcane Weapons
  8154 | D:9      | Noticed a two-headed ogre
  8159 | D:8      | Killed a two-headed ogre
  8159 | D:8      | Reached skill level 10 in Axes
  8227 | D:9      | Noticed a two-headed ogre
  8233 | D:9      | Killed a two-headed ogre
  8233 | D:9      | Reached XP level 10. HP: 91/91 MP: 13/13
  8398 | D:9      | Found the -2 hat of the Alchemist {rElec rPois rF+ rC+ rN+ MR+ rMut rCorr}
  8426 | D:9      | Reached skill level 11 in Axes
  8930 | D:10     | Entered Level 10 of the Dungeon
  8986 | D:10     | Reached skill level 10 in Fighting
  9157 | D:10     | Found Ror Zuo's Antique Armour Shoppe.
  9222 | D:10     | Reached skill level 12 in Axes
  9404 | D:10     | Reached ***** piety under Makhleb
  9434 | D:10     | Found a staircase to the Orcish Mines.
  9827 | D:10     | Noticed Gastronok
  9863 | D:10     | Killed Gastronok
  9863 | D:10     | Reached skill level 1 in Dodging
  9863 | D:10     | Reached XP level 11. HP: 101/101 MP: 14/16
  9999 | D:11     | Noticed a six-headed hydra
 10012 | D:11     | Killed a nine-headed hydra
 10012 | D:11     | Reached skill level 13 in Axes
 10130 | D:11     | Noticed a five-headed hydra
 10134 | D:11     | Killed a five-headed hydra
 10186 | D:11     | Killed an unseen horror
 10604 | D:11     | Found a staircase to the Lair.
 10620 | D:11     | Noticed Sonja
 10626 | D:11     | Killed Sonja
 10815 | D:11     | Noticed Snorg
 10827 | D:11     | Killed Snorg
 11231 | Lair:1   | Entered Level 1 of the Lair of Beasts
 11468 | Lair:1   | Reached skill level 14 in Axes
 11468 | Lair:1   | Reached XP level 12. HP: 110/110 MP: 17/17
 12052 | Lair:2   | Noticed Erica
 12067 | Lair:2   | Killed Erica
 12262 | Lair:2   | Found a staircase to the Snake Pit.
 12267 | Lair:2   | Reached skill level 5 in Dodging
 12999 | Lair:3   | Upgraded the game from 0.21-a0-440-g28109cb to 0.21-a0-442-g848f44b
 13294 | Lair:3   | Reached skill level 15 in Axes
 13913 | Lair:3   | Found a staircase to the Shoals.
 14184 | Lair:4   | Reached skill level 10 in Armour
 14199 | Lair:4   | Reached XP level 13. HP: 88/118 MP: 19/19
 14218 | Lair:4   | Reached ****** piety under Makhleb
 14234 | Lair:4   | Reached skill level 10 in Invocations
 14700 | Lair:4   | Reached skill level 16 in Axes
 15501 | Lair:5   | Found a staircase to the Slime Pits.
 15657 | Lair:5   | Found a runed door.
 16145 | Lair:6   | Entered Level 6 of the Lair of Beasts
 16771 | Lair:5   | Reached XP level 14. HP: 105/129 MP: 21/21
 16917 | Lair:6   | Reached skill level 17 in Axes
 18839 | D:12     | Noticed a tengu reaver
 19913 | D:13     | Reached skill level 18 in Axes
 20025 | D:13     | Found a gate to the Vaults.
 20374 | D:13     | Reached XP level 15. HP: 135/138 MP: 22/22
 21682 | D:15     | Entered Level 15 of the Dungeon
 21784 | D:15     | Found a staircase to the Depths.
 21816 | D:15     | Reached skill level 10 in Dodging
 22241 | D:15     | Found a frozen archway.
 22273 | IceCv    | Entered an ice cave
 22642 | IceCv    | Found an ancient bone altar of Kikubaaqudgha.
 23514 | Orc:1    | Entered Level 1 of the Orcish Mines
 23622 | Orc:1    | Noticed Maurice
 23626 | Orc:1    | Noticed Harold
 23631 | Orc:1    | Killed Maurice
 23648 | Orc:1    | Killed Harold
 23750 | Orc:1    | Found a roughly hewn altar of Beogh.
 23971 | Orc:2    | Entered Level 2 of the Orcish Mines
 24412 | Orc:2    | Found a roughly hewn altar of Beogh.
 24582 | Orc:2    | Found Zuig's Antique Armour Emporium.
 24602 | Orc:2    | Found Rasufeap's General Store.
 24619 | Orc:2    | Bought a scroll of summoning for 142 gold pieces
 24619 | Orc:2    | Bought a scroll of identify for 30 gold pieces
 24619 | Orc:2    | Bought a scroll of silence for 112 gold pieces
 24619 | Orc:2    | Bought 2 potions of heal wounds for 150 gold pieces
 24719 | Orc:2    | Reached skill level 19 in Axes
 24882 | Orc:2    | Noticed an orc warlord
 24892 | Orc:2    | Killed an orc warlord
 25104 | Orc:2    | Found a staircase to the Elven Halls.
 25458 | Orc:2    | Noticed Josephine
 25472 | Orc:2    | Killed Josephine
 25486 | Orc:2    | HP: 3/139 [orc high priest/nerve-wracking pain (14)]
 25664 | Orc:2    | Noticed an orc warlord
 25679 | Orc:2    | Killed an orc warlord
 25908 | Orc:2    | Found Unisk's Antique Weapon Shop.
 26104 | Orc:2    | Found Fikk's Gadget Emporium.
 26133 | Orc:2    | Found a roughly hewn altar of Beogh.
 26612 | Snake:1  | Entered Level 1 of the Snake Pit
 26619 | Snake:1  | Reached skill level 15 in Fighting
 26619 | Snake:1  | Reached XP level 16. HP: 136/149 MP: 8/24
 27695 | Snake:2  | Noticed Vashnia
 28858 | Snake:2  | Killed Vashnia
 29017 | Snake:2  | Reached skill level 20 in Axes
 29962 | Snake:3  | Noticed Louise
 30228 | Snake:2  | Cast into level 3 of the Abyss (Louise)
 30257 | Abyss:3  | Noticed a tentacled starspawn
 30270 | Snake:2  | Escaped the Abyss
 30285 | Snake:2  | Killed Louise
 30530 | Snake:3  | Reached XP level 17. HP: 158/158 MP: 25/25
 31097 | Snake:4  | Entered Level 4 of the Snake Pit
 31251 | Snake:4  | HP: 8/237 [salamander/halberd (10)]
 31251 | Snake:4  | Slain by a salamander

Vault maps used:
D:1:      dpeg_arrival_lava_temple_mockup, minmay_misc_feat_iff
D:2:      nicolae_overflow_hidden_temple, makhleb_heckhound_becter, uniq_natasha
D:3:      kennysheep_slug_shrine, gammafunk_temple_overflow_wave
D:4:      lemuel_doored_altar, grunt_temple_overflow_open,
          uniq_crazy_yiuf_cottage
D:5:      minmay_temple_entry_overgrown, first_bread, eino_tiny_chamber,
          nicolae_tso_besieged_by_evil
D:6:      basic_altar, enter_ossuary_1
D:7:      serial_shops, kennysheep_mini_moat, grunt_livestock,
          nrook_pool_corridor, st_stairs_8
D:8:      minmay_misc_feat_nine_boxes
D:9:      minmay_weird_star
D:10:     zombieorc2_lemuel, serial_shops, shop, nicolae_twisting_strands,
          kennysheep_doodads, minmay_misc_feat_cross, uniq_gastronok
D:11:     lair_entry_dummy, grunt_ministairs_2, uniq_snorg, uniq_sonja
D:12:     minmay_strange_pillars, onia_ninara_dug_in_and_dangerous
D:13:     erik_vaults_1, hangedman_abyss_or_decor_slice, minivault_25
D:14:     cheibrodos_magma_flow
D:15:     gammafunk_depths_entry_grave, portal_ice_cave_entry_imps,
          due_unseen_surprise
Lair:2:   minmay_snake_entry_six_corridors, serial_bayou_shore_a,
          lemuel_fruit_tree, grunt_megastairs_2, uniq_erica
Lair:3:   minmay_shoals_entry_centaurs, beast_lair_carwin_10
Lair:4:   lab_entry_generic, serial_bayou_shore_b, serial_bayou_shore_b,
          grunt_megastairs_4, lemuel_fruit_fields, infiniplex_staircase_pool
Lair:5:   minmay_slime_entry_oklob_open, minmay_hedge_maze, pf_torpor_hydra
Lair:6:   minmay_lair_end_frog_pond, grunt_megastairs_3, serial_bayou_shore_b,
          infiniplex_staircase_pool_2
Snake:2:  uniq_vashnia
Snake:3:  serial_bayou_shore_b, uniq_louise
Snake:4:  grunt_snake_rune_pools, grunt_megastairs_1, serial_bayou_shore_b,
          uniq_kirke, uniq_aizul
Orc:1:    basic_altar, uniq_maurice, uniq_harold
Orc:2:    pubby_orc_utopia, uniq_josephine
Abyss:3:  dshaligram_kb_abyss_rune_zappy_water_cross
IceCv:    ice_cave_small_necro

Skill      XL: |  1  2  3  4  5  6  7  8  9 10 11 12 13 14 15 16 17 |
---------------+----------------------------------------------------+-----
Shields        | 4 5 6 7 |  7.0
Armour         | 4 5 6 7 8 10 11 12 13 14 | 14.5
Fighting       | 4 5 6 7 9 10 11 12 13 14 15 16 | 16.0
Axes           | 3 4 5 7 10 12 14 15 16 18 19 20 | 20.7
Invocations    | 1 2 3 4 6 8 9 10 11 12 13 | 13.3
Dodging        | 1 4 6 8 9 10 11 12 | 12.1

Action                   |  1- 3 |  4- 6 |  7- 9 | 10-12 | 13-15 | 16-18 || total
-------------------------+-------+-------+-------+-------+-------+-------++-------
Melee: War axe           |   133 |   278 |   110 |       |       |       ||   521
       Headbutt          |     6 |    52 |    70 |    80 |   277 |   114 ||   599
       Executioner's axe |       |       |   199 |   426 |  1114 |   414 ||  2153
Throw: Stone             |       |    15 |     5 |     5 |       |       ||    25
Invok: Minor Destruction |       |     1 |     7 |   201 |   302 |    70 ||   581
       Lesser Servant of |       |       |       |     4 |    11 |     5 ||    20
Evoke: Wand              |       |       |       |       |     1 |       ||     1
  Use: Potion            |     3 |     1 |     2 |     2 |    10 |     6 ||    24
       Scroll            |       |    10 |     7 |     4 |    15 |     2 ||    38
 Stab: Distracted        |       |       |       |       |     7 |     1 ||     8
       Invisible         |       |       |       |       |       |     1 ||     1
  Eat: Chunk             |     1 |     9 |     8 |    11 |    11 |     5 ||    45
       Royal jelly       |       |     1 |       |       |       |       ||     1
       Fruit             |       |       |     4 |     1 |       |       ||     5
       Meat ration       |       |       |     1 |     4 |     2 |     1 ||     8
       Bread ration      |       |       |       |       |     4 |     1 ||     5
Armor: Plate armour      |   113 |   211 |   311 |   354 |   830 |   246 ||  2065
       Scale mail        |     3 |       |       |       |       |       ||     3
       Skin              |       |       |    20 |       |       |    19 ||    39
Dodge: Dodged            |    22 |    56 |   111 |   191 |   661 |   303 ||  1344
Block: Shield            |   101 |   118 |    73 |       |       |       ||   292

Table legend:
 A = Spawn XP
 B = Non-spawn XP
 C = Spawn XP percentage of total XP
 D = Spawn monster count
 E = Non-spawn monster count
 F = Spawn count percentage of total count
 G = Total turns spent on level
                    A         B        C        D         E        F      G
               +---------+---------+-------+---------+---------+-------+---------
         Total |       0 |  232348 |   0.0 |       0 |    1036 |   0.0 | 31251
               +---------+---------+-------+---------+---------+-------+---------
           D:1 |       0 |      58 |   0.0 |       0 |      20 |   0.0 |  1079
           D:2 |       0 |     233 |   0.0 |       0 |      25 |   0.0 |  1162
           D:3 |       0 |      30 |   0.0 |       0 |      14 |   0.0 |   648
           D:4 |       0 |     578 |   0.0 |       0 |      36 |   0.0 |  1663
           D:5 |       0 |     434 |   0.0 |       0 |      24 |   0.0 |   866
           D:6 |       0 |     335 |   0.0 |       0 |      13 |   0.0 |   543
           D:7 |       0 |    1846 |   0.0 |       0 |      35 |   0.0 |  1177
           D:8 |       0 |    1827 |   0.0 |       0 |      17 |   0.0 |  1067
           D:9 |       0 |    3512 |   0.0 |       0 |      24 |   0.0 |   880
          D:10 |       0 |    4601 |   0.0 |       0 |      54 |   0.0 |  1108
          D:11 |       0 |    7548 |   0.0 |       0 |      33 |   0.0 |  1300
          D:12 |       0 |    5268 |   0.0 |       0 |      24 |   0.0 |  1032
          D:13 |       0 |   12194 |   0.0 |       0 |      35 |   0.0 |   996
          D:14 |       0 |   10083 |   0.0 |       0 |      52 |   0.0 |  1205
          D:15 |       0 |   10739 |   0.0 |       0 |      36 |   0.0 |   967
        Lair:1 |       0 |    1679 |   0.0 |       0 |       8 |   0.0 |   888
        Lair:2 |       0 |    5742 |   0.0 |       0 |      28 |   0.0 |  1000
        Lair:3 |       0 |    7143 |   0.0 |       0 |      38 |   0.0 |  1109
        Lair:4 |       0 |   17083 |   0.0 |       0 |      64 |   0.0 |  1107
        Lair:5 |       0 |    9955 |   0.0 |       0 |      29 |   0.0 |  1695
        Lair:6 |       0 |   22909 |   0.0 |       0 |      80 |   0.0 |  1516
       Snake:1 |       0 |   17543 |   0.0 |       0 |      33 |   0.0 |  2111
       Snake:2 |       0 |   26455 |   0.0 |       0 |      38 |   0.0 |  1136
       Snake:3 |       0 |   30403 |   0.0 |       0 |      60 |   0.0 |  1196
       Snake:4 |       0 |    5281 |   0.0 |       0 |      10 |   0.0 |   154
         Orc:1 |       0 |    1808 |   0.0 |       0 |      11 |   0.0 |   464
         Orc:2 |       0 |   21967 |   0.0 |       0 |     154 |   0.0 |  2395
         IceCv |       0 |    5094 |   0.0 |       0 |      41 |   0.0 |   745
               +---------+---------+-------+---------+---------+-------+---------
